 Dungeon Crawl Stone Soup version 0.21.1-1-g345015f (webtiles) character file.

160 shakethe the Ducker (level 5, 41/41 HPs)
             Began as a Demonspawn Gladiator on Feb 27, 2018.
             Quit the game on level 3 of the Dungeon.
             The game lasted 00:02:24 (2379 turns).

shakethe the Ducker (Demonspawn Gladiator)          Turns: 2379, Time: 00:02:25

Health: 41/41      AC:  5    Str: 15    XL:     5   Next: 17%
Magic:  5/5        EV: 14    Int: 10    God:
Gold:   125        SH:  0    Dex: 16    Spells: 4/4 levels left

rFire    . . .     SeeInvis .   a - +0 war axe
rCold    . . .     Gourm    .   (no shield)
rNeg     . . .     Faith    .   b - +0 leather armour
rPois    .         Spirit   .   c - +0 helmet
rElec    .         Reflect  .   (no cloak)
rCorr    .         Harm     .   (no gloves)
MR       .....                  p - +0 pair of boots
Stlth    ++........             (no amulet)
HPRegen  0.13/turn              (no ring)
MPRegen  0.09/turn              (no ring)

@: no status effects
A: thin skeletal structure 1, spiny 1
a: no special abilities


You were on level 3 of the Dungeon.
You were not hungry.

You visited 1 branch of the dungeon, and saw 3 of its levels.

You collected 125 gold pieces.

Inventory:

Hand Weapons
 a - a +0 war axe (weapon)
Missiles
 d - 3 throwing nets {=f, !d}
Armour
 b - a +0 leather armour (worn)
 c - a +0 helmet (worn)
 p - a +0 pair of boots (worn)
   (You found it on level 2 of the Dungeon)
Jewellery
 r - an uncursed ring of ice {rC+, rF-}
   (You found it on level 3 of the Dungeon)
Scrolls
 g - 2 scrolls of identify {unknown}
 h - a scroll of enchant weapon {unknown}
 k - a scroll of teleportation {unknown}
 m - a scroll of magic mapping {unknown}
 n - a scroll of remove curse {unknown}
 q - a scroll of blinking {unknown}
 s - a scroll of fear {unknown}
 t - a scroll of enchant armour {unknown}
Potions
 e - a potion of mutation {unknown}
 i - a potion of berserk rage {unknown}
 j - a potion of haste {unknown}
 l - 3 potions of curing {unknown}
 o - a potion of heal wounds {unknown}
 u - a potion of lignification {unknown}
Comestibles
 f - 6 rations


   Skills:
 + Level 3.4 Fighting
 + Level 3.7 Axes
 - Level 2.0 Throwing
 + Level 3.7 Dodging


You had 4 spell levels left.
You didn't know any spells.

Dungeon Overview and Level Annotations

Branches:
Dungeon (3/15)

Altars:
Nemelex Xobeh
Qazlal

Annotations:
D:3 kaesh's ghost, amateur TrMo


Innate Abilities, Weirdness & Mutations

You have a somewhat thin skeletal structure. (Dex +2, Stealth)
You are partially covered in sharp spines.


Message History

A bat is nearby!
A bat is nearby!
A bat is nearby!
The bat moves out of view.
No target in view!
No target in view!
No target in view!
No target in view!
No target in view!
No target in view!
No target in view!
No target in view!
No target in view!
No target in view!
No target in view!
No target in view!
No target in view!
No target in view!
You start resting.
An ooze comes into view.
An ooze is nearby!
Unknown command.
The ooze quivers.
A goblin comes into view. It is wielding a dagger.
The ooze hits you but does no damage.
There are monsters nearby!
The goblin shouts!
You hit the ooze.
You hear a shout!
The ooze hits you but does no damage.
You hit the ooze. The ooze hits you. The ooze closely misses you.
A kobold comes into view. It is wielding a dagger.
You take 3 damage, and have 21/35 hp.
You hit the ooze. The ooze hits you but does no damage.
You hit the ooze. The ooze hits you but does no damage.
You hit the ooze.
You kill the ooze!
You hit the goblin.
You kill the goblin!
The kobold hits you with a dagger.
Found a stone staircase leading up.
You see here a dagger.
You take 3 damage, and have 18/35 hp.
You completely miss the kobold.
The kobold hits you but does no damage. x2
You slash the kobold!
You kill the kobold!
u - a white potion You now have 125 gold pieces (gained 14).
You see here a dagger.
You see here a dagger.
You start resting.
You are feeling hungry.
You start resting.
A hobgoblin comes into view.
You regained 9 hp, and now have 29/35 hp.
You see here a dagger.
You see here a dagger.
You slash the hobgoblin!
You kill the hobgoblin!
You see here a dagger.
You see here a dagger.
You see here a dagger.
You see here a dagger.
You see here a hand axe.
Things that are here:
a war axe; an orc corpse
Things that are here:
a dagger; a ring mail; a hand axe
Things that are here:
a war axe; an orc corpse You butcher the orc corpse.
v - a chunk of flesh {@w0@w0} You see here a war axe.
Eating a chunk of flesh {@w0@w0}.
You eat the chunk of flesh {@w0@w0}.
Okay, then.
Things that are here:
a dagger; a ring mail; a hand axe You start resting.
Health restored: 35 Unknown command.
Found a stormy altar of Qazlal.
No target in view!
No target in view!
A worker ant comes into view.
Found an escape hatch in the floor.
The worker ant twitches its antennae in your direction.
You hit the worker ant. The worker ant misses you.
You hit the worker ant but do no damage.
The worker ant misses you. x2
You slash the worker ant! The worker ant barely misses you.
The worker ant completely misses you.
You slash the worker ant! The worker ant barely misses you.
You closely miss the worker ant. The worker ant completely misses you.
The worker ant bites you but does no damage.
You slash the worker ant!
You kill the worker ant!
You have reached level 5!
Your demonic ancestry asserts itself...
Sharp spines emerge from parts of your body.
Health restored: 41; MP restored: 5

)..# #..#
##..####.#####
#........)..#
##...###))#.# #...#
#..#.# # #...# #..#.#
...###...####.#)###..#
.........<.....).....#
#>...%@.....#.###...#
#####...#.#.#.# ..#
#.###.###.# ... #. ...
#.# ## .. .....#.#
##...._.....
#.#.....## #.#.....#


There were no monsters in sight!

Vanquished Creatures
  2 worker ants
  2 adders (D:3)
  3 oozes
  3 worms
  A dart slug (D:2)
  3 leopard geckos
  5 orcs (D:3)
  A ball python (D:2)
  10 bats
  2 giant cockroaches (D:2)
  3 goblins
  10 hobgoblins
  2 quokkas (D:2)
  3 frilled lizards
  8 kobolds
  4 rats
62 creatures vanquished.

Notes
Turn   | Place    | Note
-------+----------+-------------------------------------------
     0 | D:1      | shakethe the Demonspawn Gladiator began the quest for the Orb.
     0 | D:1      | Reached XP level 1. HP: 16/16 MP: 1/1
   295 | D:1      | Reached skill level 2 in Throwing
   295 | D:1      | Gained mutation: You have a somewhat thin skeletal structure. (Dex +2, Stealth) [demonic ancestry]
   295 | D:1      | Reached XP level 2. HP: 22/22 MP: 2/2
   439 | D:1      | Reached skill level 3 in Dodging
   465 | D:1      | Reached skill level 3 in Axes
   678 | D:2      | Reached XP level 3. HP: 25/28 MP: 3/3
   837 | D:2      | Found a sparkling altar of Nemelex Xobeh.
   847 | D:2      | Found a faded altar of an unknown god.
  1182 | D:2      | Reached XP level 4. HP: 34/34 MP: 4/4
  1591 | D:3      | Reached skill level 3 in Fighting
  1612 | D:3      | Noticed kaesh's ghost (amateur TrMo)
  2368 | D:3      | Found a stormy altar of Qazlal.
  2378 | D:3      | Gained mutation: You are partially covered in sharp spines. [demonic ancestry]
  2378 | D:3      | Reached XP level 5. HP: 41/41 MP: 5/5
  2379 | D:3      | Quit the game

Skill      XL: |  1  2  3  4 |
---------------+-------------+-----
Throwing       | 2 |  2.0
Dodging        | 3 |  3.7
Axes           | 3 |  3.7
Fighting       | 3 |  3.4

Action                   |  1- 3 |  4- 6 || total
-------------------------+-------+-------++-------
Melee: War axe           |    93 |    87 ||   180
 Stab: Sleeping          |     2 |     2 ||     4
       Distracted        |     1 |       ||     1
  Eat: Chunk             |     1 |     4 ||     5
Armor: Leather armour    |    35 |    39 ||    74
Dodge: Dodged            |    86 |    65 ||   151

Vault maps used:
D:1:      tarquinn_simple_flora_water_c
D:2:      nemelex_xobeh_ov_fountains_minmay, chequers_ecumenical_altar_island
D:3:      nicolae_overflow_hidden_temple, grunt_qazlal_clouds

Table legend:
 A = Turns spent in this place as a percentage of turns spent in the entire game.
 B = Non-inter-level travel turns spent in this place as a percentage of non-inter-level travel turns spent in the entire game.
 C = Inter-level travel turns spent in this place as a percentage of turns spent in this place.
 D = Turns resting spent in this place as a percentage of non-inter-level travel turns spent in this place.
 E = Turns spent auto-exploring this place as a percentage of non-inter-level travel turns spent in this place.
 F = Non-inter-level travel turns spent in this place divided by the number of levels of this place that you've seen.
                   A       B       C       D       E      F
               +-------+-------+-------+-------+-------+----------------------
         Total | 100.0 | 100.0 |   3.0 |  30.6 |  49.1 | 769.0
       Dungeon | 100.0 | 100.0 |   3.0 |  30.6 |  49.1 | 769.0
               +-------+-------+-------+-------+-------+----------------------

Table legend:
 A = Kills in this place as a percentage of kills in entire the game.
 B = Kills by you in this place as a percentage of kills by you in the entire game.
 C = Kills by friends in this place as a percentage of kills by friends in the entire game.
 D = Other kills in this place as a percentage of other kills in the entire game.
 E = Experience gained in this place as a percentage of experience gained in the entire game.
 F = Experience gained in this place divided by the number of levels of this place that you have seen.
                   A       B       C       D       E      F
               +-------+-------+-------+-------+-------+----------------------
         Total | 100.0 | 100.0 |   N/A |   N/A | 100.0 |  76.3
       Dungeon | 100.0 | 100.0 |   N/A |   N/A | 100.0 |  76.3
               +-------+-------+-------+-------+-------+----------------------
